Sewer Rats vs Monarchs
(R2)
Created - 6 mai 2016 at 19:03
Goals
|
| Sewer Rats |
0 |
2 |
1 |
3 |
| Monarchs |
0 |
1 |
0 |
1 |
|
Shots
|
| Sewer Rats |
20 |
7 |
5 |
32 |
| Monarchs |
14 |
10 |
8 |
32 |
|
1st period
No Goal
Penalties :
Tom Sestito (Tol) for Roughing (Minor) at 19:07
2nd period
1. Sewer Rats , Jared Boll 1 (Peter Mueller, Nick Palmieri) at 4:32
2. Sewer Rats , Tim Ramholt 1 (Ville Leino, Vojtech Polak) at 9:14
3. Monarchs , Chris Dingman 1 (Theo Peckham) at 11:04
Penalties :
John-Michael Liles (Tol) for Interference (Minor) at 1:23, Jarred Tinordi (Tol) for Hooking (Minor) at 6:57, Ville Leino (Tol) for Roughing (Double Minor) at 11:21, Radko Gudas (MAN) for Holding (Minor) at 14:55
3rd period
4. Sewer Rats , Patrick Bordeleau 1 (Lars Eller, Jared Boll) at 13:49
Penalties :
Tim Ramholt (Tol) for Holding Stick (Minor) at 2:43, Jonathan Paiement (Tol) for Slashing (Minor) at 9:05, Zac Rinaldo (MAN) for Cross-checking (Minor) at 18:06
Goalie Stats
Martin Biron (Tol), 31 saves from 32 shots - (0,969), W, 1-0-0, 60:00 minutes
Jhonas Enroth (MAN), 29 saves from 32 shots - (0,906), L, 0-1-0, 60:00 minutes
Players Stats for Sewer Rats
Player Name G A P +/- PIM S H SB GA TA FO MP PP MP PK MP
------------------------------------------------------------------------------------
Derek Dorsett 0 0 0 0 0 0 0 1 0 0 0/0 6:52 0:04 0:00
Jared Boll 1 1 2 1 0 5 0 0 1 0 2/2 11:29 0:04 0:00
Jarred Tinordi 0 0 0 1 2 0 0 0 0 0 0/0 3:45 0:00 0:00
John-Michael Liles 0 0 0 2 2 0 2 0 0 0 0/0 25:14 1:42 7:09
Jonathan Marchessault 0 0 0 0 0 0 0 0 0 0 0/1 6:43 0:00 0:03
Jonathan Paiement 0 0 0 0 2 0 0 0 0 0 0/0 10:57 0:00 2:01
Kyle Quincey 0 0 0 0 0 0 1 0 0 1 0/0 21:08 1:45 5:08
Kyle Turris 0 0 0 0 0 0 0 2 1 0 8/19 14:46 1:40 1:27
Lars Eller 0 1 1 1 0 4 0 2 0 1 2/7 13:54 0:00 2:48
Mark Mancari 0 0 0 0 0 4 1 0 0 1 0/0 17:27 1:40 3:51
Matt Lashoff 0 0 0 0 0 1 1 3 1 0 0/0 21:08 1:45 5:08
Mattias Ekholm 0 0 0 0 0 0 0 1 0 0 0/0 5:23 0:00 0:39
Nick Palmieri 0 1 1 0 0 2 0 0 0 0 0/3 22:02 1:43 7:17
Patrick Bordeleau 1 0 1 1 0 2 3 0 0 1 0/0 11:06 0:00 0:00
Peter Mueller 0 1 1 0 0 4 0 0 0 1 7/17 18:04 1:43 3:51
Steven Kampfer 0 0 0 0 0 1 0 0 1 0 0/0 8:27 0:00 0:00
Tim Ramholt 1 0 1 2 2 2 1 2 0 1 0/0 24:38 1:42 6:53
Tom Sestito 0 0 0 0 2 0 1 0 0 0 0/0 6:56 0:00 0:00
Ville Leino 0 1 1 1 4 6 5 1 2 0 6/9 20:18 1:47 5:35
Vojtech Polak 0 1 1 1 0 1 0 0 0 1 0/0 15:43 1:40 2:06
Players Stats for Monarchs
Player Name G A P +/- PIM S H SB GA TA FO MP PP MP PK MP
------------------------------------------------------------------------------------
Alec Martinez 0 0 0 -1 0 0 0 1 0 0 0/0 8:55 0:00 1:47
Andy Greene 0 0 0 -1 0 1 0 1 1 0 0/0 23:51 5:42 1:36
Brandon Sutter 0 0 0 -1 0 5 3 0 0 0 11/22 20:38 6:56 0:31
Chris Dingman 1 0 1 0 0 1 0 0 0 2 1/1 12:50 0:06 1:02
Jay Beagle 0 0 0 0 0 1 1 1 0 0 0/0 12:52 0:38 0:40
John Zeiler 0 0 0 -2 0 1 1 0 0 0 0/0 14:08 5:42 1:44
Jon Merrill 0 0 0 -2 0 1 0 0 0 0 0/0 13:33 5:42 0:00
Justin Williams 0 0 0 0 0 5 0 1 2 0 0/1 12:28 0:00 0:01
Kris Russell 0 0 0 0 0 2 1 0 0 0 0/0 7:55 0:00 0:22
Kyle Clifford 0 0 0 0 0 4 1 0 0 0 1/2 19:12 6:52 0:00
Mason Raymond 0 0 0 -2 0 2 1 0 2 0 0/0 7:48 1:00 0:00
Matt Martin 0 0 0 0 0 1 0 3 0 0 0/2 17:09 5:20 0:00
Matt Tennyson 0 0 0 0 0 1 1 0 0 1 0/0 8:24 0:00 0:29
Radko Gudas 0 0 0 0 2 0 2 2 0 1 0/0 19:58 7:46 0:45
Randy Robitaille 0 0 0 0 0 0 3 0 1 0 11/15 13:49 0:00 1:44
Theo Peckham 0 1 1 0 0 0 1 1 0 0 0/0 17:44 0:00 1:51
Tom Gilbert 0 0 0 0 0 2 0 0 0 1 0/0 19:41 7:47 0:04
Tyler Toffoli 0 0 0 1 0 1 1 0 0 0 5/11 15:54 5:38 0:00
Zac Rinaldo 0 0 0 -2 2 0 1 1 0 1 4/4 9:54 1:55 0:19
Zack Kassian 0 0 0 0 0 4 3 0 1 0 0/0 19:23 6:20 0:53
3 Stars
1 - Martin Biron (Tol)
2 - Jared Boll (Tol)
3 - Patrick Bordeleau (Tol)
Power Play
Sewer Rats - 0 on 2 Attempt(s) - 0,00%
Monarchs - 0 on 7 Attempt(s) - 0,00%
Penalty Kill
Sewer Rats - 7 on 7 Attempt(s) - 100,00%
- Score 0 goal in Penalty Kill
Monarchs - 2 on 2 Attempt(s) - 100,00%
- Score 0 goal in Penalty Kill
Team Stat
Sewer Rats - Hits : 15 - Faceoff Wins : 25 - Blocked Shots : 12 - Penalty Minutes : 14
Monarchs - Hits : 20 - Faceoff Wins : 33 - Blocked Shots : 11 - Penalty Minutes : 4
Official
Referees : Pollock Kevin and O'Rourke Dan
Linesman : Brad Kovachik and Mark Pare
Game Notes
No Game Note
Finance
Level 1 -- Attendance: 1608 (80,40%) -- Ticket Income 56 280 $
Level 2 -- Attendance: 821 (82,10%) -- Ticket Income 12 315 $
Total Attendance: 2429 (80,97%)
Total Ticket Income: 68 595 $
Other Income: 3 430 $
Total Income: 72 025 $
Sewer Rats
5 vs 5 Forward
Center Left Wing Right Wing Time % Phy DF OF
1 Peter Mueller Ville Leino Nick Palmieri 40 1 2 2
2 Kyle Turris Vojtech Polak Mark Mancari 30 1 2 2
3 Lars Eller Patrick Bordeleau Jared Boll 20 1 2 2
4 Jonathan Marchessault Tom Sestito Derek Dorsett 10 1 2 2
5 vs 5 Defense
Defense Defense Time % Phy DF OF
1 Tim Ramholt John-Michael Liles 40 1 2 2
2 Matt Lashoff Kyle Quincey 30 1 2 2
3 Steven Kampfer Jonathan Paiement 20 1 2 2
4 Mattias Ekholm Jarred Tinordi 10 1 2 2
PowerPlay Forward
Center Left Wing Right Wing Time % Phy DF OF
1 Peter Mueller Ville Leino Nick Palmieri 60 1 2 2
2 Kyle Turris Vojtech Polak Mark Mancari 40 1 2 2
PowerPlay Defense
Defense Defense Time % Phy DF OF
1 Tim Ramholt John-Michael Liles 60 1 2 2
2 Matt Lashoff Kyle Quincey 40 1 2 2
Penalty Kill 4 Players Forward
Center Wing Time % Phy DF OF
1 Ville Leino Nick Palmieri 60 1 2 2
2 Peter Mueller Mark Mancari 40 1 2 2
Penalty Kill 4 Players Defense
Defense Defense Time % Phy DF OF
1 Tim Ramholt John-Michael Liles 60 1 2 2
2 Matt Lashoff Kyle Quincey 40 1 2 2
Penalty Kill - 3 Players Forward
Forward Time % Phy DF OF
1 Ville Leino 60 1 2 2
2 Nick Palmieri 40 1 2 2
Penalty Kill - 3 Players Defense
Defense Defense Time % Phy DF OF
1 Tim Ramholt John-Michael Liles 60 1 2 2
2 Matt Lashoff Kyle Quincey 40 1 2 2
4 vs 4 Forward
Center Wing Time % Phy DF OF
1 Ville Leino Nick Palmieri 60 1 2 2
2 Peter Mueller Mark Mancari 40 1 2 2
4 vs 4 Defense
Defense Defense Time % Phy DF OF
1 Tim Ramholt John-Michael Liles 60 1 2 2
2 Matt Lashoff Kyle Quincey 40 1 2 2
Last Minutes Offensive
Center Left Wing Right Wing Defense Defense
Peter Mueller Ville Leino Nick Palmieri Tim Ramholt John-Michael Liles
Last Minutes Defensive
Center Left Wing Right Wing Defense Defense
Peter Mueller Ville Leino Nick Palmieri Tim Ramholt John-Michael Liles
Goaltenders
Starting : Martin Biron
Backup : Richard Bachman
Extra Forwards
Normal : Jared Boll, Derek Dorsett, Lars Eller - PP : Jared Boll, Derek Dorsett - PK : Lars Eller
Extra Defensemen
Normal : Steven Kampfer, Jonathan Paiement, Mattias Ekholm - PP : Steven Kampfer - PK : Jonathan Paiement, Mattias Ekholm
Penalty Shots
Ville Leino, Nick Palmieri, Peter Mueller, Mark Mancari, Vojtech Polak
Monarchs
5 vs 5 Forward
Center Left Wing Right Wing Time % Phy DF OF
1 Brandon Sutter Kyle Clifford Justin Williams 35 1 1 3
2 Randy Robitaille Matt Martin Zack Kassian 30 1 2 2
3 Tyler Toffoli Chris Dingman Jay Beagle 25 1 2 2
4 Zac Rinaldo Mason Raymond John Zeiler 10 2 2 1
5 vs 5 Defense
Defense Defense Time % Phy DF OF
1 Andy Greene Theo Peckham 40 1 3 1
2 Tom Gilbert Radko Gudas 30 1 3 1
3 Alec Martinez Jon Merrill 20 1 3 1
4 Matt Tennyson Kris Russell 10 1 3 1
PowerPlay Forward
Center Left Wing Right Wing Time % Phy DF OF
1 Brandon Sutter Kyle Clifford Zack Kassian 60 1 2 2
2 Tyler Toffoli Matt Martin John Zeiler 40 1 2 2
PowerPlay Defense
Defense Defense Time % Phy DF OF
1 Tom Gilbert Radko Gudas 60 1 2 2
2 Andy Greene Jon Merrill 40 1 2 2
Penalty Kill 4 Players Forward
Center Wing Time % Phy DF OF
1 Randy Robitaille John Zeiler 60 0 4 1
2 Zac Rinaldo Jay Beagle 40 0 4 1
Penalty Kill 4 Players Defense
Defense Defense Time % Phy DF OF
1 Alec Martinez Theo Peckham 60 1 4 0
2 Radko Gudas Andy Greene 40 1 4 0
Penalty Kill - 3 Players Forward
Forward Time % Phy DF OF
1 Randy Robitaille 60 1 2 2
2 Brandon Sutter 40 1 2 2
Penalty Kill - 3 Players Defense
Defense Defense Time % Phy DF OF
1 Tom Gilbert Theo Peckham 60 1 2 2
2 Alec Martinez Radko Gudas 40 1 2 2
4 vs 4 Forward
Center Wing Time % Phy DF OF
1 Brandon Sutter Justin Williams 60 1 2 2
2 Randy Robitaille Chris Dingman 40 1 2 2
4 vs 4 Defense
Defense Defense Time % Phy DF OF
1 Tom Gilbert Theo Peckham 60 1 2 2
2 Andy Greene Radko Gudas 40 1 2 2
Last Minutes Offensive
Center Left Wing Right Wing Defense Defense
Brandon Sutter Chris Dingman Justin Williams Tom Gilbert Andy Greene
Last Minutes Defensive
Center Left Wing Right Wing Defense Defense
Randy Robitaille Kyle Clifford Zack Kassian Alec Martinez Theo Peckham
Goaltenders
Starting : Jhonas Enroth
Backup : Ben Bishop
Extra Forwards
Normal : Brandon Sutter, Zack Kassian, Kyle Clifford - PP : Zac Rinaldo, Mason Raymond - PK : Zack Kassian
Extra Defensemen
Normal : Andy Greene, Tom Gilbert, Theo Peckham - PP : Kris Russell - PK : Kris Russell, Matt Tennyson
Penalty Shots
Chris Dingman, Justin Williams, Mason Raymond, Matt Martin, John Zeiler
% Time on Ice - Sewer Rats
Lines # - Real PCT - Wanted PCT - Time Play
Normal Forward
1 - 30% - 40% - 12:57
2 - 28% - 30% - 11:56
3 - 26% - 20% - 11:06
4 - 16% - 10% - 6:40
Normal Defense
1 - 40% - 40% - 16:54
2 - 32% - 30% - 13:50
3 - 20% - 20% - 8:27
4 - 8% - 10% - 3:28
PP Forward
1 - 52% - 60% - 1:47
2 - 48% - 40% - 1:40
PP Defense
1 - 49% - 60% - 1:42
2 - 51% - 40% - 1:45
PK Forward
1 - 71% - 60% - 9:38
2 - 29% - 40% - 3:51
PK Defense
1 - 62% - 60% - 8:21
2 - 38% - 40% - 5:08
PK3 Forward
1 - 0% - 60%
2 - 0% - 40%
PK3 Defense
1 - 0% - 60%
2 - 0% - 40%
44 Forward
1 - 100% - 60% - 0:25
2 - 0% - 40% - 0:00
44 Defense
1 - 0% - 60% - 0:00
2 - 100% - 40% - 0:25
Last Minute Offensive - 0:00
Last Minute Defensive - 0:00
Total
Forward - 60:00
Defense - 60:00
|
% Time on Ice - Monarchs
Lines # - Real PCT - Wanted PCT - Time Play
Normal Forward
1 - 29% - 35% - 12:32
2 - 28% - 30% - 11:55
3 - 27% - 25% - 11:34
4 - 16% - 10% - 6:38
Normal Defense
1 - 37% - 40% - 15:41
2 - 29% - 30% - 12:17
3 - 17% - 20% - 7:08
4 - 18% - 10% - 7:33
PP Forward
1 - 54% - 60% - 7:20
2 - 46% - 40% - 6:09
PP Defense
1 - 58% - 60% - 7:47
2 - 42% - 40% - 5:42
PK Forward
1 - 81% - 60% - 2:47
2 - 19% - 40% - 0:40
PK Defense
1 - 54% - 60% - 1:51
2 - 46% - 40% - 1:36
PK3 Forward
1 - 0% - 60%
2 - 0% - 40%
PK3 Defense
1 - 0% - 60%
2 - 0% - 40%
44 Forward
1 - 100% - 60% - 0:25
2 - 0% - 40% - 0:00
44 Defense
1 - 100% - 60% - 0:25
2 - 0% - 40% - 0:00
Last Minute Offensive - 0:00
Last Minute Defensive - 0:00
Total
Forward - 60:00
Defense - 60:00
|
Play by Play
1st period
0:01 of 1st period - Brandon Sutter wins face-off versus Peter Mueller in neutral zone.
0:08 of 1st period - Backhand shot by Justin Williams.
0:08 of 1st period - Stopped by Martin Biron without a rebound.
0:09 of 1st period - Peter Mueller wins face-off versus Brandon Sutter in Sewer Rats zone.
0:09 of 1st period - Peter Mueller is hit by Theo Peckham.
0:23 of 1st period - Snap shot by Peter Mueller.
0:23 of 1st period - Stopped by Jhonas Enroth with a rebound.
0:25 of 1st period - Slapshot by Tim Ramholt.
0:25 of 1st period - Deflect By Nick Palmieri.
0:25 of 1st period - Shot Misses the Net.
0:25 of 1st period - Puck is out of play.
0:26 of 1st period - Kyle Turris wins face-off versus Randy Robitaille in Monarchs zone.
0:52 of 1st period - Tom Gilbert is hit by Kyle Quincey and loses puck.
1:03 of 1st period - Snap shot by Jared Boll.
1:03 of 1st period - Shot Blocked by Radko Gudas.
1:32 of 1st period - Icing by Radko Gudas.
1:33 of 1st period - Peter Mueller wins face-off versus Brandon Sutter in Monarchs zone.
1:37 of 1st period - Icing by Radko Gudas.
1:38 of 1st period - Kyle Clifford wins face-off versus Nick Palmieri in Monarchs zone.
1:51 of 1st period - Snap shot by Justin Williams.
1:51 of 1st period - Stopped by Martin Biron with a rebound.
2:05 of 1st period - Wrist shot by Peter Mueller.
2:05 of 1st period - Deflect By Ville Leino.
2:05 of 1st period - Stopped by Jhonas Enroth with a rebound.
2:19 of 1st period - Snap shot by Peter Mueller.
2:19 of 1st period - Stopped by Jhonas Enroth without a rebound.
2:20 of 1st period - Kyle Turris wins face-off versus Tyler Toffoli in Monarchs zone.
2:47 of 1st period - Theo Peckham is hit by Patrick Bordeleau and loses puck.
3:06 of 1st period - Wrist shot by Jared Boll.
3:06 of 1st period - Stopped by Jhonas Enroth with a rebound.
3:15 of 1st period - Off-side.
3:16 of 1st period - Randy Robitaille wins face-off versus Kyle Turris in neutral zone.
3:23 of 1st period - Snap shot by Steven Kampfer.
3:23 of 1st period - Stopped by Jhonas Enroth with a rebound.
4:49 of 1st period - Tim Ramholt is hit by Zack Kassian and loses puck.
5:27 of 1st period - Slapshot by Peter Mueller.
5:27 of 1st period - Stopped by Jhonas Enroth without a rebound.
5:28 of 1st period - Jared Boll wins face-off versus Tyler Toffoli in Monarchs zone.
5:31 of 1st period - Backhand shot by Jared Boll.
5:31 of 1st period - Shot Blocked by Theo Peckham.
5:33 of 1st period - Wrist shot by Matt Lashoff.
5:33 of 1st period - Stopped by Jhonas Enroth without a rebound.
5:34 of 1st period - Brandon Sutter wins face-off versus Lars Eller in Monarchs zone.
5:47 of 1st period - Snap shot by Jared Boll.
5:47 of 1st period - Stopped by Jhonas Enroth with a rebound.
5:53 of 1st period - Wrist shot by Lars Eller.
5:53 of 1st period - Shot Misses the Net.
5:55 of 1st period - Backhand shot by Jared Boll.
5:55 of 1st period - Stopped by Jhonas Enroth without a rebound.
5:56 of 1st period - Kyle Turris wins face-off versus Randy Robitaille in Monarchs zone.
6:06 of 1st period - Snap shot by Vojtech Polak.
6:06 of 1st period - Stopped by Jhonas Enroth with a rebound.
7:04 of 1st period - Snap shot by John Zeiler.
7:04 of 1st period - Stopped by Martin Biron with a rebound.
7:06 of 1st period - Slapshot by Jon Merrill.
7:06 of 1st period - Stopped by Martin Biron with a rebound.
7:53 of 1st period - Wrist shot by Peter Mueller.
7:53 of 1st period - Deflect By Ville Leino.
7:53 of 1st period - Shot Blocked by Andy Greene.
7:53 of 1st period - Puck is out of play.
7:54 of 1st period - Brandon Sutter wins face-off versus Kyle Turris in Monarchs zone.
8:03 of 1st period - Wrist shot by Mark Mancari.
8:03 of 1st period - Stopped by Jhonas Enroth without a rebound.
8:04 of 1st period - Kyle Turris wins face-off versus Brandon Sutter in Monarchs zone.
8:09 of 1st period - Wrist shot by Vojtech Polak.
8:09 of 1st period - Shot Misses the Net.
8:11 of 1st period - Snap shot by Vojtech Polak.
8:11 of 1st period - Deflect By Mark Mancari.
8:11 of 1st period - Stopped by Jhonas Enroth with a rebound.
8:21 of 1st period - Snap shot by Mark Mancari.
8:21 of 1st period - Stopped by Jhonas Enroth with a rebound.
8:23 of 1st period - Slapshot by Tim Ramholt.
8:23 of 1st period - Stopped by Jhonas Enroth without a rebound.
8:24 of 1st period - Randy Robitaille wins face-off versus Peter Mueller in Monarchs zone.
8:33 of 1st period - Wrist shot by Ville Leino.
8:33 of 1st period - Stopped by Jhonas Enroth with a rebound.
8:49 of 1st period - Jarred Tinordi is hit by Brandon Sutter and loses puck.
9:04 of 1st period - Wrist shot by Peter Mueller.
9:04 of 1st period - Shot Misses the Net.
9:06 of 1st period - Backhand shot by Tim Ramholt.
9:06 of 1st period - Shot Misses the Net.
9:08 of 1st period - Slapshot by Ville Leino.
9:08 of 1st period - Shot Hit the Post.
9:10 of 1st period - Snap shot by Ville Leino.
9:10 of 1st period - Shot Misses the Net.
9:47 of 1st period - Snap shot by Justin Williams.
9:47 of 1st period - Stopped by Martin Biron without a rebound.
9:48 of 1st period - Randy Robitaille wins face-off versus Kyle Turris in Sewer Rats zone.
9:49 of 1st period - Snap shot by Zack Kassian.
9:49 of 1st period - Stopped by Martin Biron without a rebound.
9:50 of 1st period - Randy Robitaille wins face-off versus Kyle Turris in Sewer Rats zone.
9:51 of 1st period - Wrist shot by Zack Kassian.
9:51 of 1st period - Stopped by Martin Biron with a rebound.
9:59 of 1st period - Wrist shot by Zack Kassian.
9:59 of 1st period - Shot Blocked by Kyle Turris.
11:07 of 1st period - Icing by Matt Tennyson.
11:08 of 1st period - Randy Robitaille wins face-off versus Lars Eller in Monarchs zone.
11:08 of 1st period - Randy Robitaille is hit by Patrick Bordeleau.
11:18 of 1st period - Snap shot by Lars Eller.
11:18 of 1st period - Stopped by Jhonas Enroth with a rebound.
11:20 of 1st period - Snap shot by Patrick Bordeleau.
11:20 of 1st period - Stopped by Jhonas Enroth without a rebound.
11:21 of 1st period - Tyler Toffoli wins face-off versus Peter Mueller in Monarchs zone.
11:21 of 1st period - Tyler Toffoli is hit by John-Michael Liles.
11:37 of 1st period - Wrist shot by Peter Mueller.
11:37 of 1st period - Stopped by Jhonas Enroth without a rebound.
11:38 of 1st period - Kyle Turris wins face-off versus Randy Robitaille in Monarchs zone.
12:05 of 1st period - Andy Greene is hit by Ville Leino.
12:13 of 1st period - Snap shot by Tyler Toffoli.
12:13 of 1st period - Shot Blocked by Matt Lashoff.
12:28 of 1st period - Off-side.
12:29 of 1st period - Brandon Sutter wins face-off versus Lars Eller in neutral zone.
12:32 of 1st period - Slapshot by Justin Williams.
12:32 of 1st period - Shot Misses the Net.
12:34 of 1st period - Slapshot by Theo Peckham.
12:34 of 1st period - Shot Misses the Net.
12:36 of 1st period - Wrist shot by Kyle Clifford.
12:36 of 1st period - Shot Blocked by Tim Ramholt.
12:38 of 1st period - Wrist shot by Kyle Clifford.
12:38 of 1st period - Shot Blocked by Tim Ramholt.
12:44 of 1st period - Wrist shot by Brandon Sutter.
12:44 of 1st period - Stopped by Martin Biron without a rebound.
12:45 of 1st period - Peter Mueller wins face-off versus Tyler Toffoli in Sewer Rats zone.
13:18 of 1st period - Off-side.
13:19 of 1st period - Lars Eller wins face-off versus Brandon Sutter in neutral zone.
13:24 of 1st period - Wrist shot by Lars Eller.
13:24 of 1st period - Shot Blocked by Radko Gudas.
13:54 of 1st period - Slapshot by Ville Leino.
13:54 of 1st period - Stopped by Jhonas Enroth without a rebound.
13:55 of 1st period - Kyle Turris wins face-off versus Tyler Toffoli in Monarchs zone.
13:56 of 1st period - Wrist shot by Mark Mancari.
13:56 of 1st period - Deflect By Vojtech Polak.
13:56 of 1st period - Shot Blocked by Jay Beagle.
13:56 of 1st period - Puck is out of play.
13:57 of 1st period - Tyler Toffoli wins face-off versus Kyle Turris in Monarchs zone.
13:57 of 1st period - Tyler Toffoli is hit by Mark Mancari.
14:23 of 1st period - Slapshot by Brandon Sutter.
14:23 of 1st period - Stopped by Martin Biron with a rebound.
14:31 of 1st period - Wrist shot by Nick Palmieri.
14:31 of 1st period - Shot Misses the Net.
14:33 of 1st period - Wrist shot by Ville Leino.
14:33 of 1st period - Shot Misses the Net.
14:44 of 1st period - Kyle Quincey is hit by Kris Russell and loses puck.
15:11 of 1st period - Snap shot by John Zeiler.
15:11 of 1st period - Deflect By Mason Raymond.
15:11 of 1st period - Stopped by Martin Biron with a rebound.
16:07 of 1st period - Tim Ramholt is hit by Randy Robitaille and loses puck.
16:14 of 1st period - Slapshot by Andy Greene.
16:14 of 1st period - Deflect By Randy Robitaille.
16:14 of 1st period - Shot Misses the Net.
16:14 of 1st period - Puck is out of play.
16:15 of 1st period - Randy Robitaille wins face-off versus Peter Mueller in Sewer Rats zone.
16:40 of 1st period - Jon Merrill is hit by John-Michael Liles and loses puck.
16:51 of 1st period - Snap shot by Mark Mancari.
16:51 of 1st period - Stopped by Jhonas Enroth with a rebound.
17:30 of 1st period - Derek Dorsett is hit by Zac Rinaldo and loses puck.
17:39 of 1st period - Mason Raymond is hit by Tom Sestito and loses puck.
17:56 of 1st period - Snap shot by Randy Robitaille.
17:56 of 1st period - Shot Misses the Net.
17:58 of 1st period - Slapshot by Zack Kassian.
17:58 of 1st period - Stopped by Martin Biron with a rebound.
18:02 of 1st period - Wrist shot by Zack Kassian.
18:02 of 1st period - Shot Misses the Net.
18:12 of 1st period - Snap shot by Chris Dingman.
18:12 of 1st period - Shot Blocked by Ville Leino.
18:14 of 1st period - Backhand shot by Jay Beagle.
18:14 of 1st period - Stopped by Martin Biron without a rebound.
18:15 of 1st period - Tyler Toffoli wins face-off versus Kyle Turris in Sewer Rats zone.
19:00 of 1st period - Wrist shot by Matt Martin.
19:00 of 1st period - Shot Misses the Net.
19:02 of 1st period - Wrist shot by Zack Kassian.
19:02 of 1st period - Stopped by Martin Biron with a rebound.
19:07 of 1st period - Minor Penalty to Tom Sestito for Roughing.
19:08 of 1st period - Ville Leino wins face-off versus Brandon Sutter in Sewer Rats zone.
19:41 of 1st period - Snap shot by Matt Martin.
19:41 of 1st period - Stopped by Martin Biron with a rebound.
Goals for this period are 0 for Sewer Rats vs 0 for Monarchs .
Shots for this period are 20 for Sewer Rats vs 14 for Monarchs .
2nd period
0:01 of 2nd period - Brandon Sutter wins face-off versus Ville Leino in neutral zone.
0:16 of 2nd period - Slapshot by Brandon Sutter.
0:16 of 2nd period - Stopped by Martin Biron without a rebound.
0:17 of 2nd period - Ville Leino wins face-off versus Matt Martin in Sewer Rats zone.
1:07 of 2nd period - Penalty to Tom Sestito is over, Tom Sestito is back on ice.
1:21 of 2nd period - Wrist shot by Brandon Sutter.
1:21 of 2nd period - Shot Misses the Net.
1:23 of 2nd period - Minor Penalty to John-Michael Liles for Interference.
1:24 of 2nd period - Ville Leino wins face-off versus Tyler Toffoli in Sewer Rats zone.
2:09 of 2nd period - Jonathan Paiement is hit by Zack Kassian and loses puck.
3:23 of 2nd period - Penalty to John-Michael Liles is over, John-Michael Liles is back on ice.
3:29 of 2nd period - Wrist shot by Jay Beagle.
3:29 of 2nd period - Shot Blocked by Mattias Ekholm.
3:31 of 2nd period - Slapshot by Kris Russell.
3:31 of 2nd period - Deflect By Derek Dorsett.
3:31 of 2nd period - Stopped by Martin Biron with a rebound.
3:52 of 2nd period - Off-side.
3:53 of 2nd period - Kyle Turris wins face-off versus Randy Robitaille in neutral zone.
4:04 of 2nd period - Wrist shot by Mark Mancari.
4:04 of 2nd period - Shot Misses the Net.
4:16 of 2nd period - Brandon Sutter is hit by Ville Leino and loses puck.
4:32 of 2nd period - Snap shot by Jared Boll.
4:32 of 2nd period - Goal by Jared Boll - Sewer Rats : 1 - Monarchs : 0.
4:33 of 2nd period - Randy Robitaille wins face-off versus Nick Palmieri in neutral zone.
4:59 of 2nd period - Vojtech Polak is hit by Kyle Clifford and loses puck.
6:04 of 2nd period - Theo Peckham is hit by Matt Lashoff and loses puck.
6:09 of 2nd period - Wrist shot by Ville Leino.
6:09 of 2nd period - Shot Misses the Net.
6:57 of 2nd period - Minor Penalty to Jarred Tinordi for Hooking.
6:58 of 2nd period - Brandon Sutter wins face-off versus Ville Leino in Sewer Rats zone.
8:57 of 2nd period - Penalty to Jarred Tinordi is over, Jarred Tinordi is back on ice.
9:04 of 2nd period - Slapshot by Ville Leino.
9:04 of 2nd period - Stopped by Jhonas Enroth with a rebound.
9:10 of 2nd period - Snap shot by Ville Leino.
9:10 of 2nd period - Stopped by Jhonas Enroth with a rebound.
9:12 of 2nd period - Wrist shot by Ville Leino.
9:12 of 2nd period - Shot Misses the Net.
9:14 of 2nd period - Slapshot by Tim Ramholt.
9:14 of 2nd period - Goal by Tim Ramholt - Sewer Rats : 2 - Monarchs : 0.
9:15 of 2nd period - Randy Robitaille wins face-off versus Lars Eller in neutral zone.
9:26 of 2nd period - Slapshot by Jared Boll.
9:26 of 2nd period - Stopped by Jhonas Enroth with a rebound.
9:28 of 2nd period - Slapshot by Jonathan Paiement.
9:28 of 2nd period - Deflect By Patrick Bordeleau.
9:28 of 2nd period - Shot Misses the Net.
9:28 of 2nd period - Puck is out of play.
9:29 of 2nd period - Peter Mueller wins face-off versus Brandon Sutter in Monarchs zone.
10:21 of 2nd period - Wrist shot by Lars Eller.
10:21 of 2nd period - Stopped by Jhonas Enroth without a rebound.
10:22 of 2nd period - Tyler Toffoli wins face-off versus Lars Eller in Monarchs zone.
10:22 of 2nd period - Tyler Toffoli is hit by Patrick Bordeleau.
11:04 of 2nd period - Wrist shot by Chris Dingman.
11:04 of 2nd period - Goal by Chris Dingman - Sewer Rats : 2 - Monarchs : 1.
11:05 of 2nd period - Peter Mueller wins face-off versus Kyle Clifford in neutral zone.
11:14 of 2nd period - Kyle Clifford is hit by Tim Ramholt.
11:21 of 2nd period - Double Minor Penalty to Ville Leino for Roughing.
11:22 of 2nd period - Brandon Sutter wins face-off versus Nick Palmieri in Sewer Rats zone.
11:26 of 2nd period - Snap shot by Brandon Sutter.
11:26 of 2nd period - Shot Misses the Net.
11:28 of 2nd period - Slapshot by Tom Gilbert.
11:28 of 2nd period - Stopped by Martin Biron without a rebound.
11:29 of 2nd period - Lars Eller wins face-off versus Brandon Sutter in Sewer Rats zone.
11:40 of 2nd period - Wrist shot by Brandon Sutter.
11:40 of 2nd period - Shot Blocked by Lars Eller.
11:54 of 2nd period - Slapshot by Tom Gilbert.
11:54 of 2nd period - Stopped by Martin Biron without a rebound.
11:55 of 2nd period - Tyler Toffoli wins face-off versus Kyle Turris in Sewer Rats zone.
11:58 of 2nd period - Slapshot by Andy Greene.
11:58 of 2nd period - Deflect By Matt Lashoff.
11:58 of 2nd period - Stopped by Martin Biron without a rebound.
11:59 of 2nd period - Kyle Turris wins face-off versus Matt Martin in Sewer Rats zone.
12:14 of 2nd period - Slapshot by Andy Greene.
12:14 of 2nd period - Shot Misses the Net.
14:55 of 2nd period - Minor Penalty to Radko Gudas for Holding.
14:56 of 2nd period - Jared Boll wins face-off versus Justin Williams in Monarchs zone.
15:21 of 2nd period - Penalty to Ville Leino is over, Ville Leino is back on ice.
15:24 of 2nd period - Off-side.
15:25 of 2nd period - Randy Robitaille wins face-off versus Kyle Turris in neutral zone.
15:51 of 2nd period - John Zeiler is hit by Ville Leino and loses puck.
15:56 of 2nd period - Snap shot by Nick Palmieri.
15:56 of 2nd period - Stopped by Jhonas Enroth with a rebound.
16:55 of 2nd period - Penalty to Radko Gudas is over, Radko Gudas is back on ice.
18:28 of 2nd period - Wrist shot by Justin Williams.
18:28 of 2nd period - Stopped by Martin Biron with a rebound.
18:30 of 2nd period - Wrist shot by Kyle Clifford.
18:30 of 2nd period - Stopped by Martin Biron with a rebound.
18:32 of 2nd period - Slapshot by Kris Russell.
18:32 of 2nd period - Shot Blocked by Derek Dorsett.
18:42 of 2nd period - Ville Leino is hit by Tyler Toffoli and loses puck.
18:56 of 2nd period - Wrist shot by Mason Raymond.
18:56 of 2nd period - Shot Blocked by Matt Lashoff.
19:12 of 2nd period - Kyle Quincey is hit by Matt Tennyson and loses puck.
19:30 of 2nd period - Snap shot by Justin Williams.
19:30 of 2nd period - Stopped by Martin Biron with a rebound.
19:32 of 2nd period - Snap shot by Matt Tennyson.
19:32 of 2nd period - Stopped by Martin Biron with a rebound.
19:42 of 2nd period - Tyler Toffoli is hit by Ville Leino and loses puck.
19:51 of 2nd period - Wrist shot by Ville Leino.
19:51 of 2nd period - Shot Hit the Post.
Goals for this period are 2 for Sewer Rats vs 1 for Monarchs .
Shots for this period are 7 for Sewer Rats vs 10 for Monarchs .
3rd period
0:01 of 3rd period - Brandon Sutter wins face-off versus Peter Mueller in neutral zone.
0:12 of 3rd period - Slapshot by Tim Ramholt.
0:12 of 3rd period - Shot Blocked by Justin Williams.
1:03 of 3rd period - Icing by Tom Gilbert.
1:04 of 3rd period - Zac Rinaldo wins face-off versus Jonathan Marchessault in Monarchs zone.
1:16 of 3rd period - Wrist shot by Derek Dorsett.
1:16 of 3rd period - Shot Blocked by Zac Rinaldo.
1:27 of 3rd period - Icing by Kyle Quincey.
1:28 of 3rd period - Brandon Sutter wins face-off versus Peter Mueller in Sewer Rats zone.
1:56 of 3rd period - Off-side.
1:57 of 3rd period - Randy Robitaille wins face-off versus Kyle Turris in neutral zone.
2:10 of 3rd period - Wrist shot by Randy Robitaille.
2:10 of 3rd period - Shot Misses the Net.
2:12 of 3rd period - Slapshot by Jon Merrill.
2:12 of 3rd period - Shot Blocked by Kyle Turris.
2:43 of 3rd period - Minor Penalty to Tim Ramholt for Holding Stick.
2:44 of 3rd period - Brandon Sutter wins face-off versus Ville Leino in Sewer Rats zone.
2:46 of 3rd period - Snap shot by Kyle Clifford.
2:46 of 3rd period - Stopped by Martin Biron without a rebound.
2:47 of 3rd period - Ville Leino wins face-off versus Brandon Sutter in Sewer Rats zone.
3:00 of 3rd period - Wrist shot by Ville Leino.
3:00 of 3rd period - Stopped by Jhonas Enroth without a rebound.
3:01 of 3rd period - Ville Leino wins face-off versus Tyler Toffoli in Monarchs zone.
3:04 of 3rd period - Wrist shot by Nick Palmieri.
3:04 of 3rd period - Stopped by Jhonas Enroth with a rebound.
4:13 of 3rd period - Peter Mueller is hit by Brandon Sutter and loses puck.
4:24 of 3rd period - Jonathan Paiement is hit by Radko Gudas and loses puck.
4:43 of 3rd period - Penalty to Tim Ramholt is over, Tim Ramholt is back on ice.
4:51 of 3rd period - John-Michael Liles is hit by John Zeiler and loses puck.
6:34 of 3rd period - Icing by Andy Greene.
6:35 of 3rd period - Chris Dingman wins face-off versus Kyle Turris in Monarchs zone.
7:06 of 3rd period - Backhand shot by Lars Eller.
7:06 of 3rd period - Stopped by Jhonas Enroth without a rebound.
7:07 of 3rd period - Zac Rinaldo wins face-off versus Peter Mueller in Monarchs zone.
7:07 of 3rd period - Zac Rinaldo is hit by Ville Leino.
8:32 of 3rd period - Matt Lashoff is hit by Mason Raymond.
9:05 of 3rd period - Minor Penalty to Jonathan Paiement for Slashing.
9:06 of 3rd period - Ville Leino wins face-off versus Brandon Sutter in Sewer Rats zone.
9:06 of 3rd period - Ville Leino is hit by Zack Kassian.
9:43 of 3rd period - Wrist shot by Matt Martin.
9:43 of 3rd period - Shot Misses the Net.
11:05 of 3rd period - Penalty to Jonathan Paiement is over, Jonathan Paiement is back on ice.
11:10 of 3rd period - Steven Kampfer is hit by Brandon Sutter and loses puck.
11:25 of 3rd period - Snap shot by Lars Eller.
11:25 of 3rd period - Stopped by Jhonas Enroth with a rebound.
11:57 of 3rd period - Wrist shot by Tom Sestito.
11:57 of 3rd period - Deflect By Derek Dorsett.
11:57 of 3rd period - Shot Hit the Post.
11:57 of 3rd period - Puck is out of play.
11:58 of 3rd period - Zac Rinaldo wins face-off versus Kyle Turris in Monarchs zone.
12:21 of 3rd period - Wrist shot by Jay Beagle.
12:21 of 3rd period - Shot Blocked by Matt Lashoff.
12:35 of 3rd period - Backhand shot by Ville Leino.
12:35 of 3rd period - Shot Blocked by Matt Martin.
12:37 of 3rd period - Snap shot by Ville Leino.
12:37 of 3rd period - Shot Blocked by Matt Martin.
13:49 of 3rd period - Slapshot by Patrick Bordeleau.
13:49 of 3rd period - Goal by Patrick Bordeleau - Sewer Rats : 3 - Monarchs : 1.
13:50 of 3rd period - Brandon Sutter wins face-off versus Peter Mueller in neutral zone.
14:15 of 3rd period - Kyle Quincey is hit by Randy Robitaille and loses puck.
14:22 of 3rd period - Kyle Turris is hit by Randy Robitaille and loses puck.
14:59 of 3rd period - Slapshot by Tom Gilbert.
14:59 of 3rd period - Shot Misses the Net.
15:01 of 3rd period - Snap shot by Mason Raymond.
15:01 of 3rd period - Stopped by Martin Biron without a rebound.
15:02 of 3rd period - Zac Rinaldo wins face-off versus Peter Mueller in Sewer Rats zone.
15:27 of 3rd period - Lars Eller is hit by Jay Beagle and loses puck.
16:18 of 3rd period - Wrist shot by Vojtech Polak.
16:18 of 3rd period - Shot Blocked by Matt Martin.
16:30 of 3rd period - John-Michael Liles is hit by Radko Gudas and loses puck.
16:58 of 3rd period - Slapshot by Chris Dingman.
16:58 of 3rd period - Shot Blocked by Lars Eller.
17:00 of 3rd period - Wrist shot by Tyler Toffoli.
17:00 of 3rd period - Stopped by Martin Biron with a rebound.
17:02 of 3rd period - Slapshot by Kris Russell.
17:02 of 3rd period - Deflect By Tim Ramholt.
17:02 of 3rd period - Stopped by Martin Biron without a rebound.
17:03 of 3rd period - Peter Mueller wins face-off versus Brandon Sutter in Sewer Rats zone.
17:15 of 3rd period - Snap shot by Kyle Clifford.
17:15 of 3rd period - Stopped by Martin Biron with a rebound.
17:17 of 3rd period - Snap shot by Brandon Sutter.
17:17 of 3rd period - Deflect By Kyle Clifford.
17:17 of 3rd period - Stopped by Martin Biron with a rebound.
17:19 of 3rd period - Snap shot by Brandon Sutter.
17:19 of 3rd period - Shot Misses the Net.
18:06 of 3rd period - Minor Penalty to Zac Rinaldo for Cross-checking.
18:07 of 3rd period - Randy Robitaille wins face-off versus Peter Mueller in Monarchs zone.
18:14 of 3rd period - Slapshot by Peter Mueller.
18:14 of 3rd period - Shot Misses the Net.
18:16 of 3rd period - Wrist shot by Peter Mueller.
18:16 of 3rd period - Shot Misses the Net.
18:18 of 3rd period - Snap shot by Peter Mueller.
18:18 of 3rd period - Shot Blocked by Alec Martinez.
18:22 of 3rd period - Wrist shot by Nick Palmieri.
18:22 of 3rd period - Shot Misses the Net.
18:42 of 3rd period - Snap shot by Mark Mancari.
18:42 of 3rd period - Shot Misses the Net.
19:00 of 3rd period - Snap shot by Chris Dingman.
19:00 of 3rd period - Shot Misses the Net.
19:42 of 3rd period - Slapshot by Brandon Sutter.
19:42 of 3rd period - Stopped by Martin Biron with a rebound.
19:44 of 3rd period - Wrist shot by Brandon Sutter.
19:44 of 3rd period - Stopped by Martin Biron without a rebound.
19:45 of 3rd period - Peter Mueller wins face-off versus Brandon Sutter in Sewer Rats zone.
Goals for this period are 1 for Sewer Rats vs 0 for Monarchs .
Shots for this period are 5 for Sewer Rats vs 8 for Monarchs .
Back to the Top